 Dungeon Crawl Stone Soup version 0.31.0-11-ge490571c62 (webtiles) character file.

Game seed: 11860499447282864971

137553 Ashen the Covert (level 17, -11/199 HPs)
             Began as a Gnoll Enchanter on Feb 5, 2024.
             Was a Believer of Uskayaw.
             Killed by the air
             ... invoked by a titan
              (37 damage)
             ... on level 4 of the Shoals on Feb 6, 2024.
             The game lasted 03:01:26 (36078 turns).

Ashen the Covert (Gnoll Enchanter)                 Turns: 36078, Time: 03:01:31

Health: -11/199    AC: 16    Str: 10    XL:     17   Next: 24%
Magic:  26/33      EV: 21    Int: 15    God:    Uskayaw [**....]
Gold:   2008       SH:  9    Dex: 23    Spells: 11/41 levels left

rFire   . . .        O - +0 demon whip (venom)
rCold   + . .        g - +1 buckler {rC+}
rNeg    . . .        V - +3 troll leather armour
rPois   +            Q - +0 helmet
rElec   +            R - +0 cloak {rPois}
rCorr   .            Z - +1 pair of gloves of Qobrixoy {rElec Dex+5 Stlth+}
SInv    .            v - +2 pair of boots {Fly}
Will    ++...        T - amulet of faith Stlth
                     f - ring of poison resistance
HPRegen 1.33/turn    C - ring of willpower
MPRegen 0.23/turn

%: faith
@: berserking, flying, very quick
A: fangs 1, strong nose, distributed training
a: Renounce Religion, Stomp, Line Pass


You were on level 4 of the Shoals.
You worshipped Uskayaw.
Uskayaw was pleased with you.
You visited 5 branches of the dungeon, and saw 27 of its levels.
You also visited: Sewer, Ossuary and Ice Cave.

You collected 4170 gold pieces.
You spent 2162 gold pieces at shops.

Inventory:

Hand Weapons
 t - a +2 short sword of electrocution
 M - a +1 dagger of speed
 O - a +0 demon whip of venom (weapon)
Missiles
 A - a throwing net
 B - 19 poisoned darts (quivered)
Armour
 g - a +1 buckler of cold resistance (worn)
 v - a +2 pair of boots of flying (worn)
 Q - a +0 helmet (worn)
 R - a +0 cloak of poison resistance (worn)
 V - a +3 troll leather armour (worn)
 Z - the +1 pair of gloves of Qobrixoy (worn) {rElec Dex+5 Stlth+}
   (You found it on level 11 of the Dungeon)

   Dex+5:     It affects your dexterity (+5).
   rElec:     It insulates you from electricity.
   Stlth+:    It makes you more stealthy.
Jewellery
 f - a ring of poison resistance (left hand)
 x - a ring of positive energy
 y - a ring of ice
 C - a ring of willpower (right hand)
 T - an amulet of faith (around neck)
Talismans
 L - a maw talisman
Wands
 a - a wand of polymorph (3)
 q - a wand of light (6)
 r - a wand of digging (9)
 z - a wand of flame (57)
 J - a wand of paralysis (6)
 U - a wand of iceblast (23)
 Y - a wand of mindburst (5)
Scrolls
 b - 5 scrolls of blinking
 e - 6 scrolls of fog
 h - 4 scrolls of revelation
 i - 3 scrolls of enchant weapon
 k - 6 scrolls of teleportation
 m - 3 scrolls of poison
 n - 2 scrolls of vulnerability
 o - a scroll of silence
 D - a scroll of amnesia {unknown}
 E - 4 scrolls of fear
 H - 5 scrolls of noise
 I - a scroll of torment {unknown}
 K - 2 scrolls of brand weapon
 N - 4 scrolls of immolation
Potions
 c - 2 potions of invisibility
 d - 4 potions of resistance
 j - a potion of cancellation
 p - 10 potions of curing
 s - 7 potions of brilliance
 u - 7 potions of haste
 w - 4 potions of magic
 F - 5 potions of enlightenment
 G - 3 potions of mutation
 P - a potion of berserk rage
 W - 2 potions of attraction
 X - 4 potions of might
Miscellaneous
 l - a condenser vane (inert)


   Skills:
 + Level 11.9 Fighting
 + Level 12.2 Short Blades
 + Level 11.9 Long Blades
 + Level 11.9 Axes
 + Level 11.9 Maces & Flails
 + Level 11.9 Polearms
 + Level 11.9 Staves
 + Level 11.9 Ranged Weapons
 + Level 11.9 Throwing
 + Level 11.9 Armour
 + Level 12.7 Dodging
 + Level 13.2 Stealth
 + Level 11.9 Shields
 + Level 11.9 Unarmed Combat
 + Level 12.9 Spellcasting
 + Level 10.1 Conjurations
 + Level 11.4 Hexes
 + Level 10.1 Summonings
 + Level 10.1 Necromancy
 + Level 10.1 Translocations
 + Level 10.1 Fire Magic
 + Level 10.1 Ice Magic
 + Level 10.1 Air Magic
 + Level 10.1 Earth Magic
 + Level 10.1 Alchemy
 + Level 12.9 Invocations
 + Level 11.9 Evocations
 + Level 11.0 Shapeshifting


You had 11 spell levels left.
You knew the following spells:

 Your Spells              Type           Power      Damage    Failure   Level
a - Ensorcelled Hibernat  Hex/Ice        84%        N/A       1%          2
b - Confusing Touch       Hex            44%        N/A       1%          3
c - Tukima's Dance        Hex            44%        N/A       1%          3
d - Dazzling Flash        Conj/Hex       84%        N/A       1%          3
e - Blink                 Tloc           78%        N/A       1%          2
f - Mephitic Cloud        Conj/Alch/Air  39%        N/A       1%          3
g - Metabolic Englaciati  Hex/Ice        21%        N/A       3%          5
h - Summon Mana Viper     Hex/Summ       42%        N/A       3%          5
i - Vhi's Electric Charg  Tloc/Air       78%        N/A       1%          4

Your spell library contained the following spells:

 Spells                   Type           Power      Damage    Failure   Level
 Magic Dart               Conj           100%       1d8       1%          1
 Call Imp                 Summ           78%        N/A       1%          2
 Mercury Vapours          Alch/Air       78%        N/A       1%          2
 Static Discharge         Conj/Air       78%        3-7/arc   1%          2
 Call Canine Familiar     Summ           39%        N/A       1%          3
 Ozocubu's Armour         Ice            39%        N/A       1%          3
 Passwall                 Erth           39%        N/A       1%          3
 Sigil of Binding         Hex            44%        N/A       1%          3
 Swiftness                Air            39%        N/A       1%          3
 Volatile Blastmotes      Fire/Tloc      78%        2d16      1%          3
 Airstrike                Air            19%        2d(3-19)  1%          4
 Dimensional Bullseye     Hex/Tloc       21%        N/A       1%          4
 Fulminant Prism          Conj/Alch      19%        3d11      1%          4
 Iskenderun's Mystic Bla  Conj/Tloc      39%        2d9       1%          4
 Summon Lightning Spire   Summ/Air       39%        N/A       1%          4
 Silence                  Hex/Air        21%        N/A       3%          5
 Arcjolt                  Conj/Air       19%        1d29      4%          5
 Curse of Agony           Necr           39%        N/A       4%          5
 Freezing Cloud           Conj/Ice/Air   19%        6-21      4%          5
 Summon Forest            Summ/Tloc      19%        N/A       4%          5
 Sculpt Simulacrum        Ice/Alch       19%        N/A       28%         6
 Summon Cactus Giant      Summ           19%        N/A       28%         6
 Maxwell's Capacitive Co  Air            19%        ∞         100%        8


Dungeon Overview and Level Annotations

Branches:
Dungeon (15/15)            Temple (1/1) D:5            Lair (5/5) D:9
 Shoals (4/4) Lair:2       Spider (0/4) Lair:3        Slime (0/5) Lair:4
    Orc (2/2) D:11            Elf (0/3) Orc:2        Vaults (0/5) D:14
 Depths (0/4) D:15          Sewer (visited)         Ossuary (visited)
  IceCv (visited)

Altars:
Ashenzari
Cheibriados
Dithmenos
Elyvilon
Fedhas
Gozag
Hepliaklqana
Kikubaaqudgha
Makhleb
Nemelex Xobeh
Okawaru
Qazlal
Ru
Sif Muna
Trog
Uskayaw
Vehumet
Wu Jian
Xom
Yredelemnul
Zin
The Shining One

Shops:
D:7 [   D:8 =   D:15 *   Orc:2 ([*:=   Shoals:3 *

Annotations:
D:4 1 runed translucent door, diceflayer's ghost, weakling DsSh
D:9 2 transporters, exclusion: orange crystal statue, Skimidon's ghost, novice VSDe
D:13 3 runed translucent doors, xelsha's ghost, journeyman TrMo
D:15 3 runed translucent doors, exclusion: fire dragon, Louise


Innate Abilities, Weirdness & Mutations

You have very sharp teeth.
Your uncanny sense of smell can sniff out nearby items.
Your experience applies equally to all skills.


Message History

You hit the titan but do no damage.
The titan looks as sick as possible!
You bite the titan, but do no damage.
The titan is lightly wounded.
You hit the titan but do no damage.
The titan looks as sick as possible!
The titan is lightly wounded.
You block the titan's attack.
You whack the titan!
The titan looks as sick as possible!
The titan is moderately wounded.
You whack the titan!
The titan is moderately wounded.
The titan hits you!!!
* * * LOW HITPOINT WARNING * * *
You can now pass through a line of other dancers.
Press: ? - help, v - describe, . - travel
Here: a titan (moderately wounded, extremely poisoned)
The floor, spattered with blood.
Casting: Metabolic Englaciation (dangerous; 3% risk of failure)
Confirm with . or Enter, or press ? or * to list all spells.
You blink.
Casting: Blink (safe; 1% risk of failure)
Confirm with . or Enter, or press ? or * to list all spells.
A mana viper appears with a sibilant hiss.
The titan points at you and mumbles some strange words.
The bolt of lightning hits you! You resist.
* * * LOW HITPOINT WARNING * * *
You hit the titan but do no damage.
The titan looks as sick as possible!
The titan is moderately wounded.
You whack the titan!
The titan looks as sick as possible!
The titan is heavily wounded.
You feel ready to blink again.
Your mana viper bites the titan!
The titan's magic leaks into the air.
The titan mumbles some strange words.
The titan is healed somewhat.
A red film seems to cover your vision as you go berserk!
You feel yourself moving faster!
You feel mighty!
The titan's magic is no longer disrupted.
Your mana viper barely misses the titan.
The titan waves its arms in wide circles.
The air twists around and strikes you!!!
You die...

~~~~##8....^.............8#
~~~~##.......~~~~~~#......#
##~~##..~~~~~~~~##~~~~~#..#
##~~##.~~~~#~~.#~.#.~~~~..#
÷#~~##..~~~~~~~~~#~~~~~...#
~#~~##.....~#~~~~~~.#.....#
##..##8..................8#
#...###########[.##########
..~...........SC@(.......
.~~......................
#########################


You could see a titan (extremely poisoned, ally target) and a friendly mana
viper (summoned).

Vanquished Creatures
  A kraken (Shoals:2)
  Aizul (Shoals:3)
  A reaper (IceCv)
  A formless jellyfish (Shoals:4)
  An orc warlord (Orc:1)
  2 merfolk javelineers (Shoals:4)
  3 merfolk impalers
  Josephine (Orc:2)
  Fannar (D:10)
  An ogre mage (Orc:2)
  3 hydras
  8 centaur warriors
  An alligator snapping turtle (Shoals:1)
  6 boulder beetles
  A catoblepas (Lair:3)
  A merfolk avatar (Shoals:4)
  3 satyrs
  A tengu warrior (D:14)
  Urug (Orc:2)
  5 two-headed ogres
  A merfolk aquamancer (Shoals:3)
  A hell hog (Lair:5)
  Nergalle (D:11)
  Sonja (Lair:4)
  A deep elf knight (D:14)
  5 skysharks
  4 orc high priests
  Amaemon (Lair:2)
  A fire crab (D:14)
  7 skeletal warriors
  Lodul (D:10)
  A flayed ghost (D:15)
  8 sea snakes
  A spark wasp zombie (D:15)
  3 bog bodies (Shoals:2)
  A necromancer (D:15)
  5 orc knights
  A lindwurm (Lair:4)
  A deep elf zephyrmancer (D:14)
  A deep elf pyromancer (D:12)
  7 fauns
  Maurice (D:12)
  6 orc sorcerers
  7 ugly things
  6 cyclopes
  19 manticores
  5 merfolk sirens
  3 meliai (D:14)
  3 black mambas
  4 kobold blastminers (Orc:1)
  15 elephants
  2 ice statues (IceCv)
  10 cane toads
  8 water nymphs
  An orange demon (Lair:2)
  3 gargoyles
  4 yaktaurs (D:14)
  2 kobold demonologists
  4 centaur skeletons (D:14)
  Jeremiah (D:7)
  9 komodo dragons
  6 ice devils (IceCv)
  5 rime drakes
  11 polar bears (Lair:5)
  A wind drake (shapeshifter) (D:14)
  2 trolls
  A polar bear (shapeshifter) (D:15)
  5 wind drakes
  13 merfolk
  3 raiju (Lair:5)
  3 dream sheep (Shoals:2)
  33 blink frogs
  7 snapping turtles
  2 jumping spiders (Lair:3)
  11 water elementals
  3 air elementals
  A spriggan skeleton (D:15)
  9 wraiths
  A yak (shapeshifter) (D:15)
  26 yaks
  2 wyverns
  7 basilisks
  8 vampire mosquitoes
  2 death yak simulacra (IceCv)
  A steam dragon (D:8)
  10 wargs
  2 redbacks (Lair:3)
  An acid dragon (D:9)
  2 harpy simulacra (IceCv)
  A hydra simulacrum (IceCv)
  13 water moccasins
  Duvessa (D:4)
  14 hell hounds (Lair:5)
  31 orc warriors
  2 ice beasts
  Pargi (Sewer)
  A sky beast (D:6)
  12 black bears
  13 ogres
  28 wolves
  A laughing skull (D:14)
  11 centaurs
  A phantom (D:4)
  A weeping skull (D:13)
  3 elf zombies (Ossuary)
  16 bullfrogs
  2 kobold brigands
  3 gnoll sergeants
  2 two-headed ogre simulacra (IceCv)
  3 scorpions
  4 wights
  Dowan (D:4)
  A hornet simulacrum (D:15)
  An elephant simulacrum (IceCv)
  4 killer bees
  2 bombardier beetles
  6 howler monkeys
  17 orc priests
  4 jellies
  8 hounds
  4 human zombies (Ossuary)
  A gnoll bouda (D:3)
  41 orc wizards
  3 hell rats (Lair:2)
  An iguana (D:4)
  2 sleepcaps
  Natasha (thrice) (D:4)
  2 polar bear simulacra (IceCv)
  2 spriggan simulacra (IceCv)
  2 troll simulacra (IceCv)
  A wolf simulacrum (IceCv)
  4 spectral hounds (Ossuary)
  A bullfrog simulacrum (Ossuary)
  2 crocodile zombies (Ossuary)
  3 mummies (Ossuary)
  27 gnolls
  8 adders
  4 naga simulacra (IceCv)
  5 river rats (Lair:2)
  A hound simulacrum (Ossuary)
  14 white imps
  4 ufetubi
  A spectral adder (Ossuary)
  2 spectral gnolls (Ossuary)
  3 ribbon worms
  3 dart slugs
  2 adder simulacra (Ossuary)
  69 orcs
  4 ball pythons
  8 endoplasms
  4 giant cockroaches
  6 gnoll zombies (Ossuary)
  35 goblins
  25 hobgoblins
  6 jackals
  7 quokkas
  6 bats
  6 frilled lizards
  4 gnoll simulacra (Ossuary)
  2 jackal simulacra (Ossuary)
  19 kobolds
  7 kobold zombies (Ossuary)
  3 orc zombies (Ossuary)
  6 rats
  3 spectral jackals (Ossuary)
  A spectral orc (D:13)
  2 butterflies
964 creatures vanquished.

Vanquished Creatures (collateral kills)
  A two-headed ogre (Orc:2)
  An ogre (D:10)
  A centaur (D:12)
  An orc (Orc:2)
4 creatures vanquished.

Vanquished Creatures (others)
  A merfolk impaler (Shoals:4)
  A merfolk aquamancer (Shoals:4)
  7 dancing weapons
  4 orc wizards
  2 orcs
15 creatures vanquished.

Grand Total: 983 creatures vanquished

Notes
Turn   | Place    | Note
-------+----------+-------------------------------------------
     0 | D:1      | Ashen the Gnoll Enchanter began the quest for the Orb.
     0 | D:1      | Reached XP level 1. HP: 13/13 MP: 6/6
   170 | D:1      | Reached XP level 2. HP: 5/20 MP: 7/7
   176 | D:1      | Learned a level 2 spell: Ensorcelled Hibernation
   304 | D:1      | Reached skill level 5 in Spellcasting
   304 | D:1      | Reached XP level 3. HP: 21/25 MP: 7/9
   311 | D:1      | Learned a level 3 spell: Confusing Touch
   315 | D:1      | Learned a level 3 spell: Tukima's Dance
   319 | D:1      | Learned a level 3 spell: Dazzling Flash
   404 | D:1      | Reached skill level 6 in Stealth
   695 | D:2      | Reached skill level 1 in Invocations
   720 | D:2      | Reached skill level 1 in Fighting
   720 | D:2      | Reached skill level 1 in Long Blades
   720 | D:2      | Reached skill level 1 in Axes
   720 | D:2      | Reached skill level 1 in Maces & Flails
   720 | D:2      | Reached skill level 1 in Polearms
   720 | D:2      | Reached skill level 1 in Staves
   720 | D:2      | Reached skill level 1 in Ranged Weapons
   720 | D:2      | Reached skill level 1 in Throwing
   720 | D:2      | Reached skill level 1 in Armour
   720 | D:2      | Reached skill level 1 in Shields
   720 | D:2      | Reached skill level 1 in Unarmed Combat
   720 | D:2      | Reached skill level 1 in Evocations
   895 | D:2      | Reached skill level 1 in Shapeshifting
   895 | D:2      | Reached XP level 4. HP: 29/32 MP: 11/11
  1179 | D:3      | Found an ornate altar of the Wu Jian Council.
  1421 | D:3      | Found a faded altar of an unknown god.
  1636 | D:3      | Found a shimmering blue altar of Sif Muna.
  1648 | D:3      | Found a sparkling altar of Nemelex Xobeh.
  1705 | D:3      | Reached skill level 1 in Conjurations
  1705 | D:3      | Reached skill level 1 in Summonings
  1705 | D:3      | Reached skill level 1 in Necromancy
  1705 | D:3      | Reached skill level 1 in Translocations
  1705 | D:3      | Reached skill level 1 in Fire Magic
  1705 | D:3      | Reached skill level 1 in Ice Magic
  1705 | D:3      | Reached skill level 1 in Air Magic
  1705 | D:3      | Reached skill level 1 in Earth Magic
  1705 | D:3      | Reached skill level 1 in Alchemy
  2255 | D:4      | Reached XP level 5. HP: 37/37 MP: 9/12
  2412 | D:4      | Reached XP level 6. HP: 44/44 MP: 6/13
  2526 | D:4      | Reached skill level 5 in Dodging
  2633 | D:4      | Found a shadowy altar of Dithmenos.
  2747 | D:4      | Noticed Natasha
  2752 | D:4      | Killed Natasha
  2791 | D:4      | Found a glowing drain.
  2807 | Sewer    | Entered a sewer
  2961 | Sewer    | Noticed Pargi
  2981 | Sewer    | Killed Pargi
  2982 | Sewer    | Reached XP level 7. HP: 45/51 MP: 15/15
  3192 | D:4      | Noticed Natasha
  3217 | D:4      | Killed Natasha
  3352 | D:4      | Found a stormy altar of Qazlal.
  3357 | D:4      | Learned a level 2 spell: Blink
  3379 | D:4      | Found a runed translucent door.
  3383 | D:4      | Noticed diceflayer's ghost (weakling DsSh)
  3531 | D:4      | Noticed Natasha
  3542 | D:4      | Killed Natasha
  3838 | D:4      | Noticed Duvessa
  3843 | D:4      | Noticed Dowan
  3880 | D:4      | Killed Duvessa
  3892 | D:4      | Killed Dowan
  3893 | D:4      | Reached XP level 8. HP: 58/58 MP: 9/16
  4734 | D:5      | Entered Level 5 of the Dungeon
  5096 | D:5      | Found a sand-covered staircase.
  5101 | Ossuary  | Entered an ossuary
  5387 | Ossuary  | Reached skill level 7 in Stealth
  5817 | Ossuary  | Reached XP level 9. HP: 59/60 MP: 14/18
  6039 | D:5      | Found a staircase to the Ecumenical Temple.
  6047 | Temple   | Entered the Ecumenical Temple
  6052 | Temple   | Became a worshipper of Uskayaw the Reveller
  6097 | D:5      | Reached * piety under Uskayaw
  6198 | D:5      | Reached ** piety under Uskayaw
  6371 | D:5      | Found a snail-covered altar of Cheibriados.
  6432 | D:5      | Found a shimmering altar of Xom.
  6570 | D:5      | Identified the +2 leather armour of Intense Happiness {rN+
                  | Dex+3}
  6653 | D:6      | Reached skill level 5 in Short Blades
  6856 | D:6      | Found a sacrificial altar of Ru.
  7213 | D:7      | Reached skill level 5 in Invocations
  7587 | D:7      | Found Ykioch's Armour Shoppe.
  7596 | D:7      | Bought a +0 pair of boots of flying for 161 gold pieces
  7707 | D:7      | Noticed Jeremiah
  7732 | D:7      | Killed Jeremiah
  7815 | D:7      | Reached *** piety under Uskayaw
  7819 | D:7      | Reached **** piety under Uskayaw
  7900 | D:7      | Reached skill level 5 in Fighting
  7900 | D:7      | Reached skill level 5 in Long Blades
  7900 | D:7      | Reached skill level 5 in Axes
  7900 | D:7      | Reached skill level 5 in Maces & Flails
  7900 | D:7      | Reached skill level 5 in Polearms
  7900 | D:7      | Reached skill level 5 in Staves
  7900 | D:7      | Reached skill level 5 in Ranged Weapons
  7900 | D:7      | Reached skill level 5 in Throwing
  7900 | D:7      | Reached skill level 5 in Armour
  7900 | D:7      | Reached skill level 5 in Shields
  7900 | D:7      | Reached skill level 5 in Unarmed Combat
  7900 | D:7      | Reached skill level 5 in Evocations
  7900 | D:7      | Reached XP level 10. HP: 57/74 MP: 11/20
  8180 | D:7      | Found a radiant altar of Vehumet.
  8447 | D:8      | Found a transporter.
  8480 | D:7      | Reached skill level 8 in Stealth
  8564 | D:8      | Found a transporter.
  8572 | D:8      | Found a transporter.
  8598 | D:8      | Found a transporter.
  8600 | D:8      | Found a transporter.
  8600 | D:8      | Found a transporter.
  8901 | D:8      | Found Gyts's Jewellery Shoppe.
  9125 | D:8      | Learned a level 3 spell: Mephitic Cloud
  9331 | D:9      | Found a staircase to the Lair.
  9443 | D:9      | Reached skill level 5 in Shapeshifting
  9782 | D:9      | Identified the +2 giant club of the Realm of Zot {vamp,
                  | ^Contam rPois Str+3}
  9782 | D:9      | Noticed a two-headed ogre
  9784 | D:9      | Found a transporter.
  9785 | D:9      | Noticed Skimidon's ghost (novice VSDe)
  9795 | D:9      | Noticed a two-headed ogre
  9797 | D:9      | Noticed a two-headed ogre
  9800 | D:9      | Noticed a two-headed ogre
  9938 | D:9      | Noticed an orange crystal statue
 10077 | D:9      | Found a transporter.
 10147 | D:9      | Found a bloodstained altar of Trog.
 10183 | D:9      | Found an iron altar of Okawaru.
 10315 | D:10     | Entered Level 10 of the Dungeon
 10423 | D:10     | Noticed Fannar
 10632 | D:10     | Reached skill level 5 in Conjurations
 10632 | D:10     | Reached skill level 5 in Summonings
 10632 | D:10     | Reached skill level 5 in Necromancy
 10632 | D:10     | Reached skill level 5 in Translocations
 10632 | D:10     | Reached skill level 5 in Fire Magic
 10632 | D:10     | Reached skill level 5 in Ice Magic
 10632 | D:10     | Reached skill level 5 in Air Magic
 10632 | D:10     | Reached skill level 5 in Earth Magic
 10632 | D:10     | Reached skill level 5 in Alchemy
 10632 | D:10     | Reached XP level 11. HP: 81/81 MP: 13/22
 10766 | D:10     | Noticed Lodul
 11041 | D:10     | Killed Fannar
 11637 | D:10     | Learned a level 5 spell: Metabolic Englaciation
 11720 | Lair:1   | Entered Level 1 of the Lair of Beasts
 11798 | Lair:1   | Reached skill level 9 in Stealth
 11799 | Lair:1   | Reached ***** piety under Uskayaw
 11806 | Lair:1   | Reached ****** piety under Uskayaw
 12902 | Lair:2   | Noticed Amaemon
 13066 | Lair:1   | Reached XP level 12. HP: 76/91 MP: 24/24
 13839 | Lair:2   | Noticed an eight-headed hydra
 14034 | Lair:2   | Killed an eight-headed hydra
 14684 | Lair:2   | Identified the +6 halberd of a Billion Lives {flame, Str+3
                  | Int+5}
 14801 | Lair:2   | Found a staircase to the Shoals.
 14821 | Lair:2   | Killed Amaemon
 15381 | Lair:2   | Found a staircase to the Shoals.
 15460 | Lair:3   | Found a hole to the Spider Nest.
 15512 | Lair:3   | Reached skill level 10 in Stealth
 15679 | Lair:3   | Noticed a skyshark
 15690 | Lair:3   | Killed a skyshark
 15822 | Lair:3   | Reached XP level 13. HP: 98/98 MP: 17/26
 17046 | Lair:4   | Reached skill level 10 in Spellcasting
 17473 | Lair:4   | Found a shimmering altar of Xom.
 17476 | Lair:4   | Noticed Sonja
 17480 | Lair:4   | Killed Sonja
 17729 | Lair:4   | Learned a level 5 spell: Summon Mana Viper
 17747 | Lair:4   | Found a staircase to the Slime Pits.
 18060 | Lair:5   | Entered Level 5 of the Lair of Beasts
 18255 | Lair:5   | Reached skill level 10 in Dodging
 18900 | Lair:5   | Reached skill level 10 in Invocations
 18900 | Lair:5   | Reached XP level 14. HP: 96/108 MP: 21/28
 19014 | Lair:5   | Reached skill level 11 in Stealth
 19173 | Lair:5   | Found a blossoming altar of Fedhas.
 21337 | D:10     | Killed Lodul
 21570 | D:11     | Noticed Nergalle
 21810 | D:11     | Killed Nergalle
 21811 | D:11     | Reached skill level 10 in Short Blades
 22132 | D:11     | Found a staircase to the Orcish Mines.
 22292 | D:11     | Identified the +1 pair of gloves of Qobrixoy {rElec Dex+5
                  | Stlth+}
 22871 | D:12     | Noticed Maurice
 22880 | D:12     | Killed Maurice
 23502 | D:12     | You are sucked into a shaft and drop 2 floors!
 23527 | D:14     | Reached skill level 10 in Hexes
 23583 | D:14     | Reached skill level 10 in Fighting
 23583 | D:14     | Reached skill level 10 in Long Blades
 23583 | D:14     | Reached skill level 10 in Axes
 23583 | D:14     | Reached skill level 10 in Maces & Flails
 23583 | D:14     | Reached skill level 10 in Polearms
 23583 | D:14     | Reached skill level 10 in Staves
 23583 | D:14     | Reached skill level 10 in Ranged Weapons
 23583 | D:14     | Reached skill level 10 in Throwing
 23583 | D:14     | Reached skill level 10 in Armour
 23583 | D:14     | Reached skill level 10 in Shields
 23583 | D:14     | Reached skill level 10 in Unarmed Combat
 23583 | D:14     | Reached skill level 10 in Evocations
 23822 | D:14     | Identified the +2 chain mail of Wu Jian's Anger {rPois
                  | rCorr Slay+2}
 24123 | D:14     | Reached XP level 15. HP: 115/115 MP: 30/30
 24907 | Orc:1    | Entered Level 1 of the Orcish Mines
 24943 | D:11     | Learned a level 4 spell: Vhi's Electric Charge
 25407 | Orc:1    | Found a shimmering blue altar of Sif Muna.
 25529 | Orc:2    | Entered Level 2 of the Orcish Mines
 25834 | Orc:2    | Noticed Urug
 25941 | Orc:2    | Found a frozen archway.
 26078 | IceCv    | Entered an ice cave
 27065 | IceCv    | Reached skill level 12 in Stealth
 27326 | Orc:2    | Found Cehiup's Distillery.
 27376 | Orc:2    | Found Rerhi's Jewellery Shop.
 27381 | Orc:2    | Bought 3 potions of haste for 390 gold pieces
 27381 | Orc:2    | Bought a potion of mutation for 104 gold pieces
 27381 | Orc:2    | Bought a potion of mutation for 104 gold pieces
 27381 | Orc:2    | Bought a potion of heal wounds for 65 gold pieces
 27381 | Orc:2    | Bought a potion of berserk rage for 65 gold pieces
 27381 | Orc:2    | Bought 2 potions of resistance for 260 gold pieces
 27381 | Orc:2    | Bought a potion of curing for 39 gold pieces
 27381 | Orc:2    | Bought a potion of curing for 39 gold pieces
 27381 | Orc:2    | Bought 2 potions of brilliance for 104 gold pieces
 27381 | Orc:2    | Bought a potion of curing for 39 gold pieces
 27409 | Orc:2    | Bought a ring of willpower for 275 gold pieces
 27490 | Orc:2    | Found a staircase to the Elven Halls.
 27596 | Orc:2    | Noticed an orc warlord
 27809 | Orc:2    | Killed Urug
 28104 | Orc:1    | Killed an orc warlord
 28316 | Orc:2    | Found Puulenim's Antique Weapon Boutique.
 28323 | Orc:2    | Found Vucryragi's Antique Armour Boutique.
 28603 | Orc:2    | Found Osywukhlo's Book Boutique.
 28619 | Orc:2    | Found Cumo Vou's General Store.
 28626 | Orc:2    | Bought a scroll of immolation for 56 gold pieces
 28626 | Orc:2    | Bought a scroll of fog for 56 gold pieces
 28626 | Orc:2    | Bought a potion of magic for 112 gold pieces
 28626 | Orc:2    | Bought a scroll of fear for 56 gold pieces
 28727 | Orc:1    | Noticed Josephine
 28913 | Orc:2    | Killed Josephine
 29145 | Orc:1    | You are sucked into a shaft and drop 1 floor!
 29590 | D:13     | Found a runed translucent gate.
 29591 | D:13     | Found a runed translucent gate.
 29592 | D:13     | Found a runed translucent gate.
 29939 | D:13     | Found an iron altar of Okawaru.
 29939 | D:13     | Noticed xelsha's ghost (journeyman TrMo)
 30041 | D:13     | Found a basalt altar of Yredelemnul.
 30378 | D:14     | Reached skill level 10 in Shapeshifting
 30460 | D:14     | Reached XP level 16. HP: 107/124 MP: 21/32
 30909 | D:14     | Found a gate to the Vaults.
 31050 | D:15     | Entered Level 15 of the Dungeon
 31050 | D:15     | Found the +11 Singing Sword {sonic wave}
 31211 | D:15     | Found a staircase to the Depths.
 31473 | D:15     | Found Jyuph's General Store.
 31481 | D:15     | Bought a scroll of revelation for 75 gold pieces
 31753 | D:15     | Noticed Louise
 31814 | D:15     | Found a runed translucent gate.
 31814 | D:15     | Found a runed translucent gate.
 31815 | D:15     | Found a runed translucent gate.
 32245 | Shoals:1 | Entered Level 1 of the Shoals
 33176 | Shoals:2 | You are sucked into a shaft and drop 1 floor!
 33176 | Shoals:3 | Found Zotwis's General Store.
 33239 | Shoals:3 | Bought a scroll of fear for 48 gold pieces
 33239 | Shoals:3 | Bought a scroll of revelation for 90 gold pieces
 33239 | Shoals:3 | Bought a scroll of identify for 24 gold pieces
 33720 | Shoals:2 | Noticed a kraken
 33962 | Shoals:2 | Killed a kraken
 33963 | Shoals:2 | Reached skill level 13 in Stealth
 34421 | Shoals:3 | Identified a scroll of acquirement
 34422 | Shoals:3 | Acquired 1292 gold pieces
 34478 | Shoals:3 | Reached XP level 17. HP: 80/133 MP: 20/33
 34604 | Shoals:3 | Identified the serpent talisman of Cheibriados's Grace {Fly
                  | rN++ Str+3 Dex-2}
 34604 | Shoals:3 | Noticed Aizul
 34626 | Shoals:3 | Killed Aizul
 34899 | Shoals:3 | Reached skill level 10 in Conjurations
 34899 | Shoals:3 | Reached skill level 10 in Summonings
 34899 | Shoals:3 | Reached skill level 10 in Necromancy
 34899 | Shoals:3 | Reached skill level 10 in Translocations
 34899 | Shoals:3 | Reached skill level 10 in Fire Magic
 34899 | Shoals:3 | Reached skill level 10 in Ice Magic
 34899 | Shoals:3 | Reached skill level 10 in Air Magic
 34899 | Shoals:3 | Reached skill level 10 in Earth Magic
 34899 | Shoals:3 | Reached skill level 10 in Alchemy
 35277 | Shoals:4 | Entered Level 4 of the Shoals
 35374 | Shoals:4 | Identified the +2 falchion of Iconoclasm {freeze, Fly Str+3
                  | Int-2 Dex+5}
 35412 | Shoals:4 | Paralysed by an air elemental for 1 turns
 35421 | Shoals:4 | Paralysed by an air elemental for 1 turns
 35437 | Shoals:4 | Paralysed by an air elemental for 1 turns
 35441 | Shoals:4 | Paralysed by an air elemental for 1 turns
 35523 | Shoals:4 | Paralysed by an air elemental for 1 turns
 35538 | Shoals:4 | Paralysed by an air elemental for 1 turns
 35541 | Shoals:4 | Paralysed by an air elemental for 1 turns
 35759 | Shoals:4 | Noticed a titan
 36078 | Shoals:4 | Killed from afar by a titan

Illustrated notes

Levels and vault maps discovered:
D:1:      dpeg_arrival_leaves_temple_mockup, layout_rooms, minmay_crystal_water
D:2:      layout_rooms
D:3:      layout_loops_corners, mainiacjoe_overflow_alcove_1,
          amethyst_overflow_temple_binary, shapermc_ecumenical_altar_venn
D:4:      minmay_goblin_kobold_castle, layout_basic,
          nicolae_overflow_hidden_temple, nicolae_qazlal_general_emergency,
          gup_sewer_entry_pipe, ebering_ghost_sewer_d, uniq_duvessa,
          uniq_natasha
D:5:      layout_loops_ring, kennysheep_mini, overflow_temple_1_default,
          minmay_temple_entry_butterflies, nicolae_ossuary_entry_false_entrances
D:6:      layout_gridville, nicolae_ru_awakened_eye
D:7:      layout_cave_pods, nicolae_vehumet_altar_sigil, serial_shops,
          nicolae_shop_crystal, uniq_jeremiah
D:8:      layout_loops_ring, serial_shops, nicolae_shop_tiny_glass,
          serial_nicolae_subway, nicolae_sub_station_stone,
          nicolae_sub_station_crystal, nicolae_sub_station_metal
D:9:      layout_basic, okawaru_altar_gauntlet_db, general_overflow_altar,
          due_lair_maze_entry_diamond, gammafunk_ghost_smash,
          grunt_ministairs_4, disabler_island
D:10:     layout_cave_pods, uniq_fannar, uniq_lodul
D:11:     layout_basic, erik_orc_3, uniq_nergalle
D:12:     layout_layer_cave, uniq_maurice
D:13:     layout_cross, gammafunk_ghost_fury_of_okawaru, nicolae_eternal_life,
          yredelemnul_forgotten_temple_becter
D:14:     layout_irregular_city, hangedman_vaults_entry_quadrant_bands,
          nrook_campfire, nicolae_doodle_vault
D:15:     gammafunk_depths_entry_grave, layout_cave_pods, serial_bayou,
          serial_bayou_pond_a, serial_bayou_lagoon_a, serial_bayou_pond_d,
          serial_bayou_pond_e, gammafunk_ghost_tricky_traps, serial_shops,
          nicolae_shop_tiny_statue_garden, grunt_ministairs_15, uniq_louise
Temple:   minmay_freezing_vapour_temple
Lair:1:   layout_roguey, lemuel_fruit_fields
Lair:2:   layout_misc_corridors, minmay_shoals_entry_hut,
          kennysheep_abandoned_house, lemuel_fruit_fields, uniq_amaemon
Lair:3:   layout_roguey, spider_nest_entry_a
Lair:4:   layout_cellular_growth, dpeg_slime_entry_corner, basic_altar,
          minmay_hedge_maze, uniq_sonja
Lair:5:   hangedman_lair_caniforms_friends, layout_regular_city, basic_altar,
          infiniplex_staircase_pool_2
Shoals:1: layout_shoals
Shoals:2: layout_shoals, nicolae_shoals_secluded_bog,
          nicolae_shoals_former_cling_halls
Shoals:3: layout_shoals, serial_shops, shop, uniq_aizul
Shoals:4: shoals_end_hellmonk_storm_palace [storm_palace_center_circular,
          storm_palace_corner_reverse_hut, storm_palace_corner_altar,
          storm_palace_corner_narrow, storm_palace_corner_reverse_hut]
Orc:1:    layout_caves, kennysheep_orc_sif_temple, uniq_josephine
Orc:2:    grunt_orc_cross, layout_caves, portal_ice_cave_entry_imps,
          abandoned_shop, guppyfry_orc_lava_fort, uniq_urug

Skill      XL: |  1  2  3  4  5  6  7  8  9 10 11 12 13 14 15 16 17 |
---------------+----------------------------------------------------+-----
Spellcasting   | 5 6 7 8 9 10 11 12 | 12.9
Stealth        | 6 7 8 9 10 11 12 13 | 13.2
Invocations    | 1 2 3 4 5 6 7 8 10 11 12 | 12.9
Fighting       | 1 2 3 5 6 7 8 9 10 11 | 11.9
Long Blades    | 1 2 3 5 6 7 8 9 10 11 | 11.9
Axes           | 1 2 3 5 6 7 8 9 10 11 | 11.9
Maces & Flails | 1 2 3 5 6 7 8 9 10 11 | 11.9
Polearms       | 1 2 3 5 6 7 8 9 10 11 | 11.9
Staves         | 1 2 3 5 6 7 8 9 10 11 | 11.9
Ranged Weapons | 1 2 3 5 6 7 8 9 10 11 | 11.9
Throwing       | 1 2 3 5 6 7 8 9 10 11 | 11.9
Armour         | 1 2 3 5 6 7 8 9 10 11 | 11.9
Shields        | 1 2 3 5 6 7 8 9 10 11 | 11.9
Unarmed Combat | 1 2 3 5 6 7 8 9 10 11 | 11.9
Evocations     | 1 2 3 5 6 7 8 9 10 11 | 11.9
Shapeshifting  | 1 2 3 4 5 6 7 8 9 10 11 | 11.0
Conjurations   | 1 2 3 4 5 6 7 8 9 10 | 10.1
Summonings     | 1 2 3 4 5 6 7 8 9 10 | 10.1
Necromancy     | 1 2 3 4 5 6 7 8 9 10 | 10.1
Translocations | 1 2 3 4 5 6 7 8 9 10 | 10.1
Fire Magic     | 1 2 3 4 5 6 7 8 9 10 | 10.1
Ice Magic      | 1 2 3 4 5 6 7 8 9 10 | 10.1
Air Magic      | 1 2 3 4 5 6 7 8 9 10 | 10.1
Earth Magic    | 1 2 3 4 5 6 7 8 9 10 | 10.1
Alchemy        | 1 2 3 4 5 6 7 8 9 10 | 10.1
Short Blades   | 3 4 5 6 7 8 9 10 11 12 | 12.2
Dodging        | 5 6 7 8 9 10 11 12 | 12.7
Hexes          | 6 7 8 9 10 11 | 11.4

Action                     |  1- 3 |  4- 6 |  7- 9 | 10-12 | 13-15 | 16-18 || total
---------------------------+-------+-------+-------+-------+-------+-------++-------
  Melee: Dagger            |   107 |   134 |       |   408 |  1545 |   386 ||  2580
         Bite              |    10 |    14 |    53 |    49 |   238 |    66 ||   430
         Punch             |     1 |     2 |    12 |    25 |    67 |       ||   107
         Short sword       |       |    12 |   414 |     8 |       |       ||   434
         Broad axe         |       |       |   125 |       |       |       ||   125
         Trident           |       |       |       |    21 |       |       ||    21
         Demon whip        |       |       |       |       |       |    39 ||    39
  Throw: Dart              |       |       |       |       |       |     2 ||     2
         Throwing net      |       |       |       |       |       |     1 ||     1
   Cast: Ensorcelled Hiber |     5 |    36 |    89 |   200 |   212 |    94 ||   636
         Confusing Touch   |       |       |    17 |     5 |    78 |    14 ||   114
         Dazzling Flash    |       |       |     4 |    23 |    58 |    12 ||    97
         Tukima's Dance    |       |       |       |    11 |    15 |     9 ||    35
         Blink             |       |       |       |     7 |     9 |     2 ||    18
         Mephitic Cloud    |       |       |       |     7 |    47 |    11 ||    65
         Metabolic Englaci |       |       |       |     2 |     7 |     6 ||    15
         Vhi's Electric Ch |       |       |       |       |    15 |     4 ||    19
         Summon Mana Viper |       |       |       |       |       |     3 ||     3
  Evoke: Wand              |       |     1 |     1 |     2 |     5 |     1 ||    10
         Condenser vane    |       |       |       |       |       |     2 ||     2
    Use: Scroll            |       |       |     8 |     7 |     2 |    16 ||    33
         Potion            |       |       |     2 |       |     8 |     3 ||    13
   Stab: Sleeping          |     8 |    33 |    68 |   115 |   135 |    85 ||   444
         Invisible         |       |     1 |     2 |    16 |    48 |     9 ||    76
         Confused          |       |       |    13 |    11 |   121 |    31 ||   176
         Paralysed         |       |       |     2 |    14 |    72 |    16 ||   104
         Distracted        |       |       |       |     1 |     7 |     4 ||    12
 Armour: Leather armour    |    71 |    80 |   328 |   183 |   263 |       ||   925
         Robe              |     4 |       |       |       |       |       ||     4
         Skin              |       |       |       |       |    23 |       ||    23
         Troll leather arm |       |       |       |       |   229 |   205 ||   434
  Dodge: Dodged            |    60 |   114 |   401 |   407 |  1079 |   211 ||  2272
  Block: Buckler           |       |       |       |       |   101 |   104 ||   205
